 Dungeon Crawl Stone Soup version 0.22-a0-455-ga0624bf (webtiles) character file.

798 pk666 the Conjurer (level 7, -3/36 HPs)
             Began as a Deep Elf Fire Elementalist on June 5, 2018.
             Slain by Sigmund
             ... wielding a +1 scythe of venom
              (14 damage)
             ... on level 4 of the Dungeon.
             The game lasted 00:10:18 (4148 turns).

pk666 the Conjurer (Deep Elf Fire Elementalist)     Turns: 4148, Time: 00:10:19

Health: -3/36      AC:  2    Str:  5    XL:     7   Next: 58%
Magic:  9/18       EV: 13    Int: 22    God:
Gold:   191        SH:  0    Dex: 15    Spells: 5/18 levels left

rFire    . . .     SeeInvis .   (no weapon)
rCold    . . .     Gourm    .   (no shield)
rNeg     + . .     Faith    .   a - +0 robe
rPois    .         Spirit   .   (no helmet)
rElec    .         Reflect  .   (no cloak)
rCorr    .         Harm     .   (no gloves)
MR       .....                  (no boots)
Stlth    ++........             (no amulet)
HPRegen  0.12/turn              q - ring of positive energy
MPRegen  0.16/turn              (no ring)

@: lethally poisoned (-3 -> -16), very slightly contaminated
A: no striking features
a: no special abilities


You were on level 4 of the Dungeon.
You were hungry.

You visited 1 branch of the dungeon, and saw 4 of its levels.

You collected 191 gold pieces.

Inventory:

Armour
 a - a +0 robe (worn)
Jewellery
 q - a ring of positive energy (left hand)
Wands
 m - a wand of disintegration (6)
 s - a wand of flame (12)
Scrolls
 b - 2 scrolls of enchant weapon {unknown}
 d - 4 scrolls of remove curse {unknown}
 g - 3 scrolls of identify {unknown}
 i - 2 scrolls of blinking {unknown}
 k - 3 scrolls of teleportation {unknown}
 l - 2 scrolls of magic mapping {unknown}
 o - 2 scrolls of fog {unknown}
Potions
 e - 2 potions of berserk rage {unknown}
 f - 3 potions of might {unknown}
 h - 3 potions of heal wounds {unknown}
 j - 3 potions of invisibility {unknown}
 p - a potion of resistance {unknown}
 r - 2 potions of curing
Comestibles
 c - 8 rations


   Skills:
 - Level 2.4 Dodging
 - Level 2.4 Stealth
 + Level 6.2 Spellcasting
 * Level 6.6 Conjurations
 + Level 5.7 Fire Magic


You had 5 spell levels left.
You knew the following spells:

 Your Spells              Type           Power        Failure   Level  Hunger
a - Flame Tongue          Conj/Fire      ####.        1%          1    None
b - Sticky Flame          Conj/Fire      ####....     7%          4    ###....
c - Conjure Flame         Conj/Fire      ####....     2%          3    #......
z - Fireball              Conj/Fire      ####......   21%         5    #####..

Your spell library contained the following spells:

 Spells                   Type           Power        Failure   Level  Hunger
 Throw Flame              Conj/Fire      ####..       1%          2    None
 Inner Flame              Hex/Fire       ###.....     9%          3    #......


Dungeon Overview and Level Annotations

Branches:
Dungeon (4/15)
 Temple: D:4-7

Altars:
Qazlal

Annotations:
D:4 Sigmund


Message History

Something hits you.
You are poisoned.
Casting: Flame Tongue (safe; 1% risk of failure)
Confirm with . or Enter, or press ? or * to list all spells.
Aiming: Flame Tongue (safe; 1% risk of failure)
Press: ? - help, Shift-Dir - straight line The flame tongue hits something.
You feel sick. Something hits you but does no damage.
You are lethally poisoned!
Casting: Flame Tongue (safe; 1% risk of failure)
Confirm with . or Enter, or press ? or * to list all spells.
Aiming: Flame Tongue (safe; 1% risk of failure)
Press: ? - help, Shift-Dir - straight line The flame tongue hits something.
You feel sick.
Casting: Flame Tongue (safe; 1% risk of failure)
Confirm with . or Enter, or press ? or * to list all spells.
Aiming: Flame Tongue (safe; 1% risk of failure)
Press: ? - help, Shift-Dir - straight line You feel sick.
Something hits you!
You die...

#.# #.# #.# ####### #######.#
#...... ####.......# #####......
...........# #..........
#........#########..(..#####
#........{ยง@...........#
#........########......#
#...######. ...........# +...#
#.#######.....#
######...######.#<#####.....#####
#........##...........)..........
#.$......##>.....................
#........##..........##.....#####
#.....#####..........##.....#


There were no monsters in sight!

Vanquished Creatures
  A hungry ghost (D:4)
  The ghost of Curus the Insei, an amateur MfTm of Okawaru (D:4)
  An ogre (D:4)
  The ghost of zard0z the Sneak, an amateur SpEn (D:3)
  A hound (D:3)
  2 orc wizards (D:4)
  Terence (D:2)
  Natasha (thrice) (D:2)
  2 iguanas (D:4)
  A hound skeleton (D:4)
  4 adders
  A gnoll (D:1)
  An adder skeleton (D:4)
  2 dart slugs
  2 worms
  3 leopard geckos
  7 orcs
  2 ball pythons
  2 giant cockroaches
  11 goblins
  13 hobgoblins
  7 kobolds
  2 quokkas (D:3)
  7 bats
  4 frilled lizards
  6 rats
88 creatures vanquished.

Notes
Turn   | Place    | Note
-------+----------+-------------------------------------------
     0 | D:1      | pk666 the Deep Elf Fire Elementalist began the quest for the Orb.
     0 | D:1      | Reached XP level 1. HP: 10/10 MP: 6/6
   134 | D:1      | Reached XP level 2. HP: 10/15 MP: 5/8
   492 | D:1      | Reached XP level 3. HP: 19/19 MP: 6/10
  1176 | D:2      | Noticed Terence
  1269 | D:2      | Learned a level 3 spell: Conjure Flame
  1300 | D:2      | Reached XP level 4. HP: 24/24 MP: 3/11
  1516 | D:2      | Noticed Natasha
  1526 | D:2      | Killed Natasha
  1673 | D:2      | Noticed Natasha
  1679 | D:2      | Killed Natasha
  1686 | D:2      | Noticed Natasha
  1693 | D:2      | Killed Natasha
  1693 | D:2      | Reached XP level 5. HP: 10/28 MP: 8/13
  2038 | D:2      | Killed Terence
  2322 | D:2      | Learned a level 4 spell: Sticky Flame
  2328 | D:2      | Learned a level 5 spell: Fireball
  2371 | D:3      | Noticed zard0z's ghost (amateur SpEn)
  2372 | D:3      | Found a stormy altar of Qazlal.
  2382 | D:3      | Killed zard0z's ghost
  2534 | D:3      | Reached XP level 6. HP: 32/32 MP: 12/15
  2645 | D:3      | Reached skill level 5 in Spellcasting
  3186 | D:4      | Noticed Curus's ghost (amateur MfTm)
  3283 | D:4      | Reached skill level 5 in Conjurations
  3443 | D:4      | Noticed a hungry ghost
  3472 | D:4      | Killed a hungry ghost
  3472 | D:4      | Reached skill level 5 in Fire Magic
  3472 | D:4      | Reached XP level 7. HP: 36/36 MP: 5/17
  3955 | D:4      | Killed Curus's ghost
  4122 | D:4      | Noticed Sigmund
  4148 | D:4      | Slain by Sigmund

Vault maps used:
D:1:      eino_arrival_tree_alley, minmay_vboxes
D:2:      minivault_14, uniq_natasha, uniq_terence
D:3:      grunt_qazlal_sundering
D:4:      first_ration, uniq_sigmund

Skill      XL: |  1  2  3  4  5  6  7 |
---------------+----------------------+-----
Conjurations   | 2 3 4 5 6 |  6.6
Spellcasting   | 4 5 6 |  6.2
Fire Magic     | 4 5 |  5.7
Dodging        | |  2.4
Stealth        | |  2.4

Action                   |  1- 3 |  4- 6 |  7- 9 || total
-------------------------+-------+-------+-------++-------
 Cast: Flame Tongue      |    74 |    95 |    37 ||   206
       Conjure Flame     |     1 |     6 |     3 ||    10
  Eat: Chunk             |     1 |     7 |     1 ||     9
Armor: Robe              |     1 |     1 |     3 ||     5
Dodge: Dodged            |    22 |    31 |    13 ||    66

Table legend:
 A = Spawn XP
 B = Non-spawn XP
 C = Spawn XP percentage of total XP
 D = Spawn monster count
 E = Non-spawn monster count
 F = Spawn count percentage of total count
 G = Total turns spent on level
                    A         B        C        D         E        F      G
               +---------+---------+-------+---------+---------+-------+---------
         Total |       0 |    1141 |   0.0 |       0 |      88 |   0.0 |  4148
               +---------+---------+-------+---------+---------+-------+---------
           D:1 |       0 |      67 |   0.0 |       0 |      32 |   0.0 |  1265
           D:2 |       0 |     198 |   0.0 |       0 |      21 |   0.0 |  1064
           D:3 |       0 |     177 |   0.0 |       0 |      18 |   0.0 |   868
           D:4 |       0 |     699 |   0.0 |       0 |      17 |   0.0 |   951
               +---------+---------+-------+---------+---------+-------+---------
